 Dungeon Crawl Stone Soup version 0.18-a0-49-gd105b5a (webtiles) character file.

17 Duffy the Sneak (level 2, 24/24 HPs)
             Began as a Mummy Assassin on Nov 7, 2015.
             Quit the game on level 1 of the Dungeon.
             The game lasted 00:00:53 (608 turns).

Duffy the Sneak (Mummy Assassin)                     Turns: 608, Time: 00:00:53

Health: 24/24      AC:  4    Str: 14    XL:     2   Next: 44%
Magic:  2/2        EV: 10    Int: 10    God:
Gold:   60         SH:  0    Dex: 13    Spells: 0 memorised, 1 level left

rFire  x . .     SeeInvis .     a - +2 dagger
rCold  + . .     Clarity  .     l - -2 ring mail (curse)
rNeg   + + +     SustAt   .     (no shield)
rPois  ∞         Gourm    .     (no helmet)
rElec  .         Spirit   .     d - +0 cloak
rCorr  .         Warding  .     (no gloves)
rMut   .         Stasis   .     (no boots)
MR     .....                    (no amulet)
Stlth  ++........               (no ring)
                                (no ring)

@: not resistant to hostile enchantments, unstealthy
A: no food or potions, fire vulnerability, cold resistance 1, negative energy
resistance 3, torment resistance, unbreathing
a: no special abilities


You were on level 1 of the Dungeon.
You were not hungry.

You visited 1 branch of the dungeon, and saw 1 of its levels.

You collected 60 gold pieces.


Innate Abilities, Weirdness & Mutations

You do not eat or drink.
Your flesh is vulnerable to fire.
You are immune to poison.
Your flesh is cold resistant.
You are immune to negative energy.
You are immune to unholy pain and torment.
You can survive without breathing.


   Skills:
 + Level 3.0 Fighting
 - Level 1.5 Short Blades
 - Level 1.5 Throwing
 - Level 1.0 Dodging
 - Level 3.2 Stealth


You had one spell level left.
You didn't know any spells.

Inventory:

Hand Weapons
 a - a +2 dagger (weapon)
 b - a +0 blowgun
Missiles
 e - 8 poisoned needles
 f - 2 curare-tipped needles
 g - 42 stones (quivered)
Armour
 c - a +0 robe
 d - a +0 cloak (worn)
 h - a +0 ring mail
 l - a cursed -2 ring mail (worn)
Scrolls
 i - a scroll of teleportation {unknown}
 j - a scroll of remove curse {unknown}
 k - a scroll of blinking {unknown}

Dungeon Overview and Level Annotations

Branches:
Dungeon (1/15)

Altars:


Message History

No target in view!
No target in view!
No target in view!
No target in view!
No target in view!
No target in view!
j - a scroll labeled YSEPHU XIKK You now have 17 gold pieces (gained 2).
Things that are here:
a dagger; a giant newt corpse
Found a hand axe.
g - 22 stones (gained 19)
You see here a hand axe.
Found a red potion.
You now have 33 gold pieces (gained 16).
You now have 41 gold pieces (gained 8).
g - 42 stones (gained 20)
Found two stone staircases leading down.
Found a ring mail.
Found a shiny ring mail.
k - a scroll labeled IMIFRE RYXZO You see here a shiny ring mail.
l - a shiny ring mail Wear which item? (? for menu, Esc to quit)
You start removing your armour.
You continue taking off your +0 ring mail. x4
You finish taking off your +0 ring mail.
You start putting on your armour.
You continue putting on your shiny ring mail. x5
You finish putting on your cursed -2 ring mail.
Oops, that feels deathly cold.
You now have 60 gold pieces (gained 19).
A hobgoblin comes into view. It is wielding a club.
Found a whip.
Are you sure you want to abandon this character and quit the game? (Confirm with "yes".)

#........ #.#
#####...##### .
#.####...........# ..
#................. #.
#..###.........).# .)
#..# #####...#####
#.#.##..# #..........
#....g..# #.....#.###
#@# #.....#.#
####.##.# #..#..#.#
........######..##.#.#
########.....#..##.#.#
#.###.#.......#
#.###.#####.#####
##.#......#.....!.
#.......#.#..#####
#.....>.#.#..##


You could see a hobgoblin.

Action                   || total
-------------------------++-------
Melee: Dagger            ||    40
 Stab: Sleeping          ||     1

Notes
Turn   | Place    | Note
--------------------------------------------------------------
     0 | D:1      | Duffy the Mummy Assassin began the quest for the Orb.
     0 | D:1      | Reached XP level 1. HP: 16/16 MP: 1/1
    17 | D:1      | Reached skill level 1 in Dodging
   188 | D:1      | Reached XP level 2. HP: 17/23 MP: 2/2
   468 | D:1      | Reached skill level 3 in Fighting
   608 | D:1      | Quit the game

Vault maps used:
D:1:      onia_arrival_handbag

Vanquished Creatures
  An ooze
  A giant cockroach
  4 goblins
  2 giant newts
  A kobold
  7 rats
16 creatures vanquished.
